 Dungeon Crawl Stone Soup version 0.20-a0-903-g7e3609c (webtiles) character file.

233 Goblin1989 the Twirler (level 6, 0/35 HPs)
             Began as a Kobold Gladiator on Mar 22, 2017.
             Slain by an ufetubus (1 damage)
             ... summoned by Eustachio
             ... on level 6 of the Dungeon.
             The game lasted 00:05:22 (2227 turns).

Goblin1989 the Twirler (Kobold Gladiator)           Turns: 2227, Time: 00:05:23

Health: 0/35       AC:  7    Str: 14    XL:     6   Next: 26%
Magic:  6/6        EV: 15    Int:  9    God:
Gold:   173        SH:  0    Dex: 16    Spells: 5/5 levels left

rFire    x . .     SeeInvis .   b - +1 morningstar
rCold    + . .     Gourm    .   i - +0 ring mail
rNeg     . . .     Faith    .   (shield restricted)
rPois    .         Spirit   .   c - +0 helmet
rElec    .         Reflect  .   k - +0 cloak
rCorr    .         Harm     .   (no gloves)
MR       .....                  (no boots)
Stlth    +.........             (no amulet)
Regen    0.2/turn               (no ring)
MPRegen  0.1/turn               n - ring of ice

@: lethally poisoned (0 -> -2), very slightly contaminated, hasted (expiring),
very quick
A: carnivore 3
a: no special abilities


You were on level 6 of the Dungeon.
You were completely stuffed.

You visited 1 branch of the dungeon, and saw 4 of its levels.

You collected 173 gold pieces.

Inventory:

Hand Weapons
 a - a +0 quarterstaff
 b - a +1 morningstar (weapon)
Missiles
 Z - 3 throwing nets {!d, =f}
Armour
 c - a +0 helmet (worn)
 i - a +0 ring mail (worn)
 k - a +0 cloak (worn)
Jewellery
 n - a ring of ice (left hand)
 o - an uncursed ring of ice
Scrolls
 d - 5 scrolls of enchant armour
 R - 4 scrolls of identify {@r1}
Comestibles
 f - 2 meat rations {@e2}
 g - 3 chunks of flesh
 m - a royal jelly


   Skills:
 - Level 2.1 Fighting
 + Level 3.6(4.6) Maces & Flails
 - Level 4.5(5.1) Staves
 - Level 2.1 Throwing
 - Level 3.6 Dodging


You had 5 spell levels left.
You didn't know any spells.

Dungeon Overview and Level Annotations

Branches:
Dungeon (3/15)

Altars:

Annotations:
D:6 Dowan, Eustachio


Innate Abilities, Weirdness & Mutations

You are small and have problems with some larger weapons.
You are carnivorous and can eat meat at any time.


Message History

You take 6 damage, and have 16/52 hp.
You closely miss Dowan.
Dowan is heavily wounded.
Dowan barely misses you.
The ufetubus hits you but does no damage.
The ufetubus completely misses you. The bat hits you but does no damage.
The river rat bites you.
* * * LOW HITPOINT WARNING * * *
The white imp hits you but does no damage.
Dowan hits you but does no damage.
The ufetubus hits you but does no damage.
The ufetubus barely misses you.
You take 1 damage, and have 15/52 hp.
Put on which piece of jewellery? (? for menu, Esc to quit)
You feel more attuned to ice.
n - a ring of ice (left branch)
You feel sick. The bat hits you but does no damage.
The river rat barely misses you.
The river rat bites you but does no damage.
You take 1 damage, and have 14/52 hp.
You hit Dowan.
Dowan is heavily wounded.
The bat completely misses you. The bat hits you but does no damage.
Dowan hits you but does no damage.
The ufetubus hits you but does no damage. x2
Eustachio gestures wildly while chanting.
Eustachio blinks!
The white imp hits you but does no damage.
The river rat bites you but does no damage.
You closely miss Dowan.
Dowan is heavily wounded.
The bat hits you but does no damage.
Dowan gestures wildly while chanting.
Dowan blinks!
The ufetubus barely misses you.
The ufetubus hits you but does no damage.
The river rat bites you but does no damage.
The white imp gestures at you.
Helpless, you fail to dodge the puff of frost.
Dowan gestures wildly while chanting.
Dowan blinks!
You hit the white imp.
The white imp is moderately wounded.
The ufetubus barely misses you. x2; The bat hits you but does no damage.
The river rat bites you but does no damage. x2
The ufetubus completely misses you.
The ufetubus hits you but does no damage.
Eustachio casts a spell.
Eustachio blinks!
The white imp gestures at you. The puff of frost hits you! You resist.
* * * LOW HITPOINT WARNING * * *
You take 1 damage, and have 14/52 hp.
You barely miss the white imp.
The white imp is moderately wounded.
The river rat bites you but does no damage.
The bat barely misses you.
The ufetubus hits you but does no damage. x2
The river rat bites you.
* * * LOW HITPOINT WARNING * * *
You take 2 damage, and have 12/52 hp.
You closely miss the white imp.
The white imp is moderately wounded.
Your extra speed is starting to run out.
You feel sick. The bat hits you but does no damage.
The white imp gestures at you. The puff of frost hits you!
The ufetubus hits you.
* * * LOW HITPOINT WARNING * * *
The ufetubus hits you but does no damage.
The river rat bites you.
* * * LOW HITPOINT WARNING * * *
The river rat barely misses you.
You take 3 damage, and have 9/52 hp.
You closely miss the white imp.
The white imp is moderately wounded.
You feel less wooden.
Your +0 cloak unmelds from your body.
Your +0 helmet unmelds from your body.
Your +0 ring mail unmelds from your body.
Dowan hits you but does no damage. The ufetubus barely misses you. x2
The white imp gestures at you. The puff of frost hits you! You resist.
* * * LOW HITPOINT WARNING * * *
The bat hits you but does no damage. The river rat bites you.
* * * LOW HITPOINT WARNING * * *
The river rat bites you but does no damage.
Dowan casts a spell at you. The stone arrow misses you.
The stone arrow hits the white imp.
The white imp dies!
The ufetubus closely misses you. The ufetubus completely misses you.
You now have 1/35 hp.
You aren't carrying any potions.
Unknown command.
You aren't carrying any potions.
As you read the scroll labeled BOCIBR FIDIOCS, it crumbles to dust.
It is a scroll of identify.
d - 5 scrolls of enchant armour;
R - 4 scrolls of identify The bat closely misses you.
The bat hits you but does no damage.
Eustachio casts a spell.
Eustachio blinks!
Dowan barely misses you. The ufetubus barely misses you. The ufetubus hits you.
You die...

....ee. ...<...
.......████████████
█..$.............
▲.........(......
█...........§....
█.....b..........
█...r.e..........
█...r@5..........


████b████████████ ... ...?. ....... ██████▲ You could see Dowan, 2 river rats,
an ufetubus and 2 bats.

Vanquished Creatures
  Duvessa (D:6)
  Ijyb (D:3)
  Robin (D:3)
  3 adders
  2 oozes (D:1)
  A worm (D:2)
  A dart slug (D:1)
  2 leopard geckos
  4 orcs (D:3)
  2 ball pythons
  6 bats
  10 goblins
  6 hobgoblins
  2 jackals
  5 kobolds
  5 rats
52 creatures vanquished.

Notes
Turn   | Place    | Note
-------+----------+-------------------------------------------
     0 | D:1      | Goblin1989 the Kobold Gladiator began the quest for the Orb.
     0 | D:1      | Reached XP level 1. HP: 12/12 MP: 1/1
   115 | D:1      | Reached skill level 3 in Staves
   292 | D:1      | Reached XP level 2. HP: 17/17 MP: 2/2
   623 | D:1      | Reached XP level 3. HP: 21/21 MP: 3/3
  1155 | D:2      | Reached skill level 4 in Staves
  1244 | D:2      | Reached XP level 4. HP: 20/26 MP: 4/4
  1760 | D:3      | Noticed Ijyb
  1776 | D:3      | Killed Ijyb
  1776 | D:3      | Reached skill level 1 in Maces & Flails
  1776 | D:3      | Reached XP level 5. HP: 29/30 MP: 5/5
  1902 | D:3      | Noticed Robin
  1909 | D:3      | Killed Robin
  2181 | D:3      | You fall through a shaft for 3 floors!
  2185 | D:6      | Noticed Duvessa
  2185 | D:6      | Noticed Dowan
  2186 | D:6      | Noticed Eustachio
  2215 | D:6      | Killed Duvessa
  2215 | D:6      | Reached XP level 6. HP: 25/35 MP: 6/6
  2226 | D:6      | HP: 1/35 [river rat[Eustachio] (2)]
  2227 | D:6      | Slain by an ufetubus

Vault maps used:
D:1:      dpeg_arrival_tiny_g
D:3:      nicolae_overflow_hidden_temple, first_bread, uniq_iyjb, uniq_robin
D:6:      serial_shops, shop, minmay_holes, uniq_crazy_yiuf_cottage,
          uniq_eustachio, uniq_duvessa

Skill      XL: |  1  2  3  4  5 |
---------------+----------------+-----
Staves         | 3 4 |  4.5
Maces & Flails | 1 3 |  3.6
Fighting       | |  2.1
Throwing       | |  2.1
Dodging        | |  3.6

Action                   |  1- 3 |  4- 6 || total
-------------------------+-------+-------++-------
Melee: Quarterstaff      |    78 |    29 ||   107
       Morningstar       |       |    59 ||    59
  Use: Scroll            |       |     3 ||     3
       Potion            |       |     2 ||     2
 Stab: Sleeping          |     4 |       ||     4
  Eat: Chunk             |     9 |     4 ||    13
Armor: Leather armour    |    20 |     1 ||    21
       Ring mail         |       |    15 ||    15
       Skin              |       |   113 ||   113
Dodge: Dodged            |    99 |    69 ||   168

Vault maps used:
D:1:      dpeg_arrival_tiny_g
D:3:      nicolae_overflow_hidden_temple, first_bread, uniq_iyjb, uniq_robin
D:6:      serial_shops, shop, minmay_holes, uniq_crazy_yiuf_cottage,
          uniq_eustachio, uniq_duvessa
